 Dungeon Crawl Stone Soup version 0.29.1-2-gbd0b4ee654 (webtiles) character file.

Game seed: 4690563068044979058

89 qeuew the Ducker (level 4, -15/34 HPs)
             Began as a Merfolk Gladiator on Nov 2, 2022.
             Killed from afar by Grinder (20 damage)
             ... with a bolt of light
             ... on level 3 of the Dungeon.
             The game lasted 00:03:16 (2261 turns).

qeuew the Ducker (Merfolk Gladiator)                Turns: 2261, Time: 00:03:17

Health: -15/34     AC:  4    Str: 14    XL:     4   Next: 55%
Magic:  4/4        EV: 14    Int:  7    God:
Gold:   131        SH:  0    Dex: 17    Spells: 3/3 levels left

rFire   . . .      SeeInvis .   a - +0 long sword
rCold   . . .      Faith    .   (no shield)
rNeg    . . .      Spirit   .   b - +0 leather armour
rPois   .          Reflect  .   c - +0 helmet
rElec   .          Harm     .   (no cloak)
rCorr   .          Rampage  .   (no gloves)
Will    .....                   (no boots)
Stlth   +.........              (no amulet)
HPRegen 0.11/turn               (no ring)
MPRegen 0.09/turn               (no ring)

@: confused
A: (nimble swimmer 2), mertail
a: no special abilities


You were on level 3 of the Dungeon.
You visited 1 branch of the dungeon, and saw 3 of its levels.

You collected 131 gold pieces.

Inventory:

Hand Weapons
 a - a +0 long sword (weapon)
Missiles
 d - 2 throwing nets (quivered)
 e - a javelin
Armour
 b - a +0 leather armour (worn)
 c - a +0 helmet (worn)


   Skills:
 + Level 2.6 Fighting
 + Level 4.7 Long Blades
 + Level 2.0 Throwing
 * Level 1.5 Armour
 + Level 4.7 Dodging


You had 3 spell levels left.
You didn't know any spells.
Your spell library contained the following spells:

 Spells                   Type           Power      Damage    Failure   Level
 Sting                    Tmut/Pois      0%         1d3       50%         1
 Poisonous Vapours        Pois/Air       0%         N/A       65%         2
 Olgreb's Toxic Radiance  Pois           0%         N/A       99%         4


Dungeon Overview and Level Annotations

Branches:
Dungeon (3/15)

Altars:
Hepliaklqana

Annotations:
D:3 Grinder


Innate Abilities, Weirdness & Mutations

((You are very nimble when in or above water. (Stealth+, EV+, Speed+++)))
Your lower body shifts to a powerful aquatic tail in water.


Message History

Grinder blinks!
Grinder zaps a wand.
The bolt of light hits you!!
Ouch! That really hurt!
* * * LOW HITPOINT WARNING * * *
As you read the scroll of summoning, it crumbles to dust.
Wisps of shadow whirl around you...
Your bat barely misses Grinder.
Grinder gestures at you.
Your bat suddenly stops moving!
Grinder says, "I used to sell toenails on the black market."
Grinder hits your bat.
Your bat dies!
Your bat's corpse dissolves into shadows!
You swap places.
Your worm bites Grinder!
Grinder gestures at you.
Your ball python writhes in agony!
Your ball python dies!
Your ball python's corpse dissolves into shadows!
Your worm closely misses Grinder.
There is a stone staircase leading up here.
Throw: 3 throwing nets
Press: ? - help, Q - select action, (/) - cycle Shift-Dir - straight line, f - Grinder
Aim: Grinder, carrying a wand of light (4) (heavily wounded, ally target, 58% to hit)
You throw a throwing net. The throwing net hits Grinder.
Grinder is caught in the net!
Grinder is heavily wounded.
Grinder blinks!
Grinder zaps a wand.
The bolt of light hits your worm!
Your worm is blinded.
Grinder blinks!
Grinder blinks!
There is a stone staircase leading up here.
Grinder zaps a wand.
The bolt of light hits your worm!!
Your worm dies!
Your worm's corpse dissolves into shadows!
The bolt of light hits you!!
You are confused.
Ouch! That really hurt!
You die...

.#####...
.....<#.# #
......(.####.#
......5(..[..##
#######........
#.####### #.#
#.# #@# ###


You could see Grinder.

Vanquished Creatures
  Jessica (D:2)
  2 adders (D:2)
  A worm (D:2)
  A dart slug (D:2)
  3 ball pythons
  3 endoplasms
  2 giant cockroaches (D:2)
  A goblin (D:2)
  2 hobgoblins
  6 jackals
  4 quokkas
  3 bats (D:1)
  4 kobolds
  6 rats
39 creatures vanquished.

Notes
Turn   | Place    | Note
-------+----------+-------------------------------------------
     0 | D:1      | qeuew the Merfolk Gladiator began the quest for the Orb.
     0 | D:1      | Reached XP level 1. HP: 16/16 MP: 1/1
   172 | D:1      | Reached XP level 2. HP: 20/22 MP: 2/2
   303 | D:1      | Found a faded altar of an unknown god.
  1007 | D:2      | Reached XP level 3. HP: 18/28 MP: 3/3
  1182 | D:2      | Reached skill level 1 in Armour
  1408 | D:2      | Found a hazy altar of Hepliaklqana.
  1597 | D:2      | Noticed Jessica
  1601 | D:2      | Killed Jessica
  1602 | D:2      | Reached XP level 4. HP: 33/34 MP: 4/4
  1992 | D:3      | Noticed Grinder
  2261 | D:3      | Killed from afar by Grinder

Illustrated notes

Levels and vault maps discovered:
D:1:      dpeg_arrival_arbitrary_b, layout_basic,
          hellmonk_ecumenical_altar_crossroads, palyth_stone_intersect
D:2:      layout_loops_ring, basic_altar, grunt_ministairs_1, uniq_jessica
D:3:      layout_basic, nicolae_overflow_ecumenical_swirl, uniq_ijyb,
          uniq_grinder

Skill      XL: |  1  2  3 |
---------------+----------+-----
Long Blades    | 4 |  4.7
Armour         | 1 |  1.5
Fighting       | |  2.6
Throwing       | |  2.0
Dodging        | |  4.7

Action                   |  1- 3 |  4- 6 || total
-------------------------+-------+-------++-------
Melee: Long sword        |    95 |    20 ||   115
       Punch             |     2 |       ||     2
Throw: Throwing net      |       |     1 ||     1
  Use: Scroll            |     4 |     3 ||     7
       Potion            |     1 |     1 ||     2
 Stab: Sleeping          |     1 |       ||     1
Armor: Leather armour    |    30 |     6 ||    36
Dodge: Dodged            |   103 |    13 ||   116
